Map: Pillars of Gold LE

Players

Serral - Winner!

  • Race: Zerg Zerg
  • Spawn Location: 7:00

INnoVation

  • Race: Terran Terran
  • Spawn Location: 1:00

Event: DreamHack SC2 Masters 2020 Fall

VOD

Have the link to the VOD?

Description

Time

  • Played on: Sept. 18, 2020, 11:38 a.m.
  • Length: 12:29

All games in this series

Show
View Real Time Build Order
Export as new Build Order

Serral Zerg - Winner!

Build Orders: Hatch First 

Get SALT Encoding   

  12  0:00  Drone  
  13  0:13  Overlord  
  13  0:17  Drone  
  14  0:32  Drone x2  
  16  0:50  Hatchery  
  16  0:53  Drone  
  16  0:57  Drone  
  17  1:01  Drone  
  18  1:10  Extractor  
  17  1:16  Spawning Pool  
  16  1:19  Drone  
  16  1:23  Drone  
  18  1:29  Drone  
  19  1:40  Drone  
  20  1:50  Overlord  
  20  2:02  Queen x2  
  20  2:03  Zergling x4  
  26  2:12  Drone  
  26  2:13  Drone  
  26  2:14  Metabolic Boost  
  28  2:23  Drone  
  28  2:24  Drone  
  30  2:41  Hatchery  
  30  2:43  Drone  
  30  2:45  Drone  
  30  2:51  Queen  
  31  2:56  Overlord  
  33  2:59  Drone  
  33  3:01  Drone  
  33  3:03  Drone  
  36  3:14  Drone x4  
  36  3:16  Overlord  
  40  3:20  Drone  
  40  3:22  Drone  
  42  3:27  Queen  
  42  3:32  Overlord  
  44  3:35  Overlord  
  44  3:42  Drone x2  
  44  3:43  Zergling x4  
  44  3:45  Drone  
  49  3:49  Drone  
  49  3:52  Queen  
  52  3:57  Drone x2  
  52  4:00  Zergling x2  
  55  4:03  Drone x2  
  55  4:05  Queen  
  55  4:07  Overlord  
  59  4:10  Overlord  
  59  4:12  Zergling x2  
  59  4:14  Drone  
  59  4:16  Drone  
  62  4:19  Drone, Spore Crawler  
  62  4:23  Extractor  
  61  4:25  Drone, Evolution Chamber x2  
  60  4:31  Zergling x2  
  60  4:32  Drone x3  
  60  4:33  Drone  
  60  4:35  Drone  
  60  4:38  Zergling x4  
  68  4:40  Drone  
  68  4:42  Drone  
  68  4:43  Drone  
  71  4:48  Zergling x2  
  71  4:49  Drone x4  
  76  4:56  Zerg Ground Armor Level 1, Zerg Melee Weapons Level 1  
  76  5:02  Zergling x2  
  76  5:03  Drone  
  76  5:04  Drone x2  
  76  5:06  Extractor  
  76  5:07  Extractor, Overlord  
  78  5:09  Overlord  
  78  5:12  Extractor  
  78  5:13  Queen  
  78  5:15  Lair  
  78  5:17  Zergling x2  
  78  5:18  Drone  
  78  5:20  Drone  
  81  5:25  Baneling Nest  
  80  5:29  Hatchery  
  80  5:34  Drone x4  
  83  5:36  Drone x2  
  83  5:37  Drone  
  83  5:38  Drone  
  83  5:40  Drone  
  83  5:42  Overlord  
  88  5:45  Drone x2  
  88  5:48  Drone x2  
  92  5:52  Drone  
  92  5:53  Drone x3  
  92  5:55  Drone  
  97  5:57  Overlord  
  97  5:58  Drone  
  97  5:59  Drone  
  97  6:03  Drone  
  97  6:04  Drone  
  101  6:08  Overlord  
  101  6:11  Zergling x2  
  102  6:12  Centrifical Hooks  
  102  6:13  Overseer  
  102  6:16  Zergling x2  
  104  6:18  Zergling x2  
  104  6:22  Zergling x6  
  107  6:28  Drone  
  107  6:29  Hydralisk Den  
  107  6:32  Hatchery  
  106  6:34  Drone x3  
  106  6:37  Baneling x4  
  106  6:38  Baneling x4  
  106  6:39  Zergling x10  
  114  6:42  Queen  
  114  6:45  Drone  
  117  6:47  Overlord  
  117  6:51  Zerg Melee Weapons Level 2, Zerg Ground Armor Level 2  
  117  6:55  Drone  
  117  7:01  Drone  
  119  7:04  Zergling x8  
  119  7:07  Hatchery  
  119  7:08  Muscular Augments  
  122  7:13  Zergling x18  
  131  7:15  Overlord  
  131  7:29  Hydralisk x8  
  143  7:31  Overseer  
  143  7:36  Hydralisk x3  
  149  7:42  Hydralisk x2  
  152  7:46  Overlord x2  
  152  7:50  Overlord  
  147  7:52  Overlord  
  147  7:53  Hydralisk  
  147  7:54  Hydralisk, Zergling x4  
  153  7:59  Extractor, Infestation Pit  
  153  8:01  Baneling  
  153  8:02  Baneling x5  
  153  8:03  Baneling  
  153  8:04  Drone x3  
  153  8:06  Overlord  
  153  8:08  Spore Crawler  
  153  8:09  Zergling x2  
  153  8:10  Zergling x20  
  163  8:15  Baneling x6  
  163  8:24  Grooved Spines  
  163  8:26  Zergling x2  
  170  8:27  Zergling x16  
  170  8:29  Baneling  
  169  8:36  Hydralisk x2  
  169  8:37  Zergling x26  
  169  8:41  Hive  
  179  8:43  Zergling x6  
  179  8:44  Overseer  
  175  8:49  Baneling x3  
  175  8:52  Baneling x2  
  175  8:53  Drone x7  
  175  8:54  Drone  
  183  8:56  Overseer  
  183  8:58  Overlord x2  
  183  9:00  Pneumatized Carapace  
  183  9:08  Zerg Missile Weapons Level 1  
  183  9:10  Spore Crawler  
  183  9:12  Zergling x20  
  183  9:21  Baneling x3  
  183  9:22  Zergling x12, Baneling x7  
  189  9:31  Zergling x22  
  189  9:37  Baneling x10  
  199  9:42  Extractor  
  199  9:43  Drone x2, Spine Crawler, Spore Crawler  
  199  9:44  Drone  
  199  9:52  Adrenal Glands  
  199  9:57  Drone  
  191  10:01  Hatchery  
  191  10:02  Zergling x2  
  191  10:03  Zergling x20  
  199  10:17  Baneling x2  
  199  10:20  Extractor  
  198  10:25  Drone x2, Spine Crawler, Spore Crawler  
  198  10:26  Drone  
  198  10:27  Baneling  
  198  10:28  Baneling x10  
  199  10:30  Baneling x2  
  199  10:41  Baneling x10  
  190  10:51  Zergling x22  
  190  10:52  Zergling x2  
  190  10:57  Overlord x3  
  196  11:00  Overlord  
  196  11:11  Overlord  
  196  11:14  Zergling x8  
  193  11:21  Hydralisk x3  
  193  11:22  Zergling x38  
  198  11:26  Zergling x2  
  198  11:27  Zergling x2  
  198  11:29  Baneling x8  
  197  11:33  Drone x6  
  197  11:38  Zergling x22  
  199  11:43  Drone x3  
  199  11:45  Hydralisk  
  199  11:46  Zergling x2  
  200  11:51  Spore Crawler  
  198  12:01  Drone x2  
  199  12:02  Overseer  
  200  12:11  Ultralisk Cavern, Baneling  
  200  12:12  Baneling x11  
Show
View Real Time Build Order
Export as new Build Order

INnoVation Terran 

Build Orders: Reaper Expand 

Get SALT Encoding   

  12  0:00  SCV  
  13  0:12  SCV  
  14  0:17  Supply Depot  
  14  0:24  SCV  
  15  0:39  Barracks, SCV  
  16  0:45  Refinery  
  16  0:51  SCV  
  17  1:03  SCV  
  18  1:15  SCV  
  19  1:28  Orbital Command, Reaper  
  20  1:43  Command Center  
  20  1:53  Supply Depot  
  20  1:54  SCV  
  21  1:59  Marine  
  22  2:06  SCV  
  23  2:10  Factory  
  23  2:18  SCV  
  23  2:19  Refinery  
  23  2:22  Barracks Reactor  
  24  2:30  SCV  
  25  2:42  SCV  
  26  2:54  SCV  
  26  2:55  Orbital Command  
  26  2:56  Starport  
  27  3:06  SCV  
  28  3:13  Command Center  
  28  3:15  Barracks Tech Lab  
  28  3:18  SCV  
  29  3:20  SCV  
  29  3:26  Hellion  
  32  3:29  Hellion  
  32  3:34  SCV x2  
  36  3:39  Supply Depot  
  36  3:40  Raven  
  38  3:46  SCV x2  
  38  3:47  Barracks Tech Lab  
  40  3:52  Hellion  
  40  3:54  Hellion  
  44  3:59  SCV x2  
  46  4:06  Stimpack  
  45  4:11  SCV x2  
  45  4:12  Marine  
  45  4:14  Hellion  
  45  4:15  Hellion  
  52  4:23  SCV x2  
  54  4:26  Orbital Command  
  54  4:33  Starport Reactor  
  54  4:35  Hellion  
  54  4:36  SCV x2  
  54  4:37  Hellion  
  60  4:41  Barracks  
  60  4:48  SCV x2  
  60  4:50  Barracks  
  62  4:53  Supply Depot  
  62  4:55  Marine  
  62  5:02  SCV x2  
  62  5:04  SCV  
  62  5:06  Engineering Bay x2  
  65  5:09  Refinery x2  
  65  5:15  SCV, Marine  
  65  5:16  Factory Reactor, SCV  
  65  5:17  SCV  
  65  5:18  Starport Reactor  
  65  5:20  Supply Depot  
  69  5:28  SCV x2  
  71  5:31  Orbital Command  
  71  5:35  Terran Infantry Armor Level 1, Terran Infantry Weapons Level 1  
  71  5:36  Marine  
  71  5:41  SCV x2  
  74  5:48  Combat Shield  
  74  5:52  Marine x2  
  74  5:53  SCV x2  
  74  5:55  Barracks x2, Supply Depot  
  74  5:56  Medivac x2, Widow Mine  
  84  6:02  Supply Depot  
  84  6:04  SCV  
  85  6:10  Supply Depot  
  85  6:11  Supply Depot  
  85  6:17  Widow Mine, SCV x2, Marine x4  
  93  6:23  Marine  
  93  6:24  Widow Mine, SCV  
  97  6:28  Supply Depot  
  97  6:29  SCV x2  
  97  6:31  Supply Depot  
  99  6:36  Armory, SCV  
  99  6:38  Marine x4  
  104  6:41  SCV x2  
  104  6:45  Barracks Reactor x2  
  106  6:48  SCV  
  106  6:51  Factory  
  106  6:53  SCV x2  
  109  6:55  Marine  
  109  6:56  Marine x4  
  109  6:57  Widow Mine  
  109  6:58  Widow Mine  
  109  7:00  Medivac  
  120  7:01  Refinery x2  
  120  7:04  SCV, Supply Depot  
  120  7:05  SCV x2  
  123  7:13  Marine x2  
  123  7:14  Supply Depot, Marine x3  
  123  7:15  Medivac  
  128  7:30  SCV x2  
  128  7:31  Marine x4  
  128  7:33  Missile Turret  
  128  7:34  Missile Turret, SCV  
  130  7:38  Terran Infantry Weapons Level 2, Terran Infantry Armor Level 2  
  130  7:39  Drilling Claws, Widow Mine x2  
  130  7:42  SCV  
  130  7:43  Medivac, Widow Mine  
  137  7:46  Marine  
  136  7:54  Medivac  
  136  8:00  Command Center, Supply Depot  
  136  8:02  Widow Mine x2  
  136  8:04  Widow Mine  
  136  8:05  Supply Depot  
  142  8:10  Sensor Tower  
  142  8:16  Barracks  
  142  8:17  Barracks  
  142  8:18  Barracks, Marauder, Marine x3  
  147  8:22  Marine x4  
  151  8:28  Medivac x2  
  155  8:40  Siege Tank  
  134  8:42  SCV  
  134  8:43  SCV x2  
  137  8:54  SCV  
  137  8:55  SCV x2  
  140  8:57  Marine  
  140  8:58  Marauder, Marine x7  
  140  9:01  Factory Tech Lab  
  150  9:06  SCV  
  150  9:07  SCV  
  152  9:10  Supply Depot  
  152  9:11  Supply Depot  
  152  9:15  Marine  
  143  9:17  Barracks Tech Lab x2  
  143  9:18  Siege Tank  
  143  9:19  Medivac x2, Marauder  
  143  9:23  Siege Tank  
  155  9:27  SCV x2  
  155  9:35  Marine x3  
  155  9:36  Marine  
  157  9:40  Marauder  
  157  9:41  Planetary Fortress  
  157  9:43  Sensor Tower, Marine x2  
  161  9:49  Medivac x2  
  161  9:50  Siege Tank  
  161  9:52  Marauder x2  
  172  9:55  Marine x4  
  157  10:10  Siege Tank  
  157  10:12  Marauder, Marine x6  
  157  10:13  Marauder x2  
  171  10:23  Siege Tank  
  171  10:25  Refinery  
  171  10:26  Marine x3  
  171  10:27  Marine  
  178  10:30  Marine x5  
  183  10:36  Marine x4  
  187  10:44  Marine x4  
  187  10:48  Marine  
  188  10:54  Command Center  
  188  10:56  Supply Depot x2  
  184  10:57  Supply Depot  
  182  11:17  Medivac x2, Siege Tank x2, Marauder x2, Marine x3  
  197  11:18  Marauder  
  159  11:28  Marine x6  
  159  11:30  Marine  
  157  11:35  Marine x2  
  157  11:39  Marauder x3  
  155  11:46  Marine x2  
  134  11:47  Medivac x2, Marine  
  134  11:49  Marine x3  
  134  11:50  Marine  
  140  11:55  Siege Tank  
  140  12:00  Marauder x2  
  140  12:01  Marauder  

Tags
 
Add a new tag
Caveats
  • Supply blocks, unpowered buildings, or Contaminate may cause inaccurate times.
  • Supply counts are checked every 10 seconds.